 Dungeon Crawl Stone Soup version 0.31-a0-237-g2d982f9f85 (webtiles) character file.

Game seed: 326359714417712395

56 qw the Shooter (level 3, -1/29 HPs)
             Began as a Minotaur Hexslinger on July 11, 2023.
             Slain by a black bear (2 damage)
             ... on level 2 of the Dungeon.
             The game lasted 00:00:27 (1404 turns).

qw the Shooter (Minotaur Hexslinger)                Turns: 1404, Time: 00:00:28

Health: -1/29      AC:  3    Str: 12    XL:     3   Next: 69%
Magic:  3/3        EV: 12    Int: 10    God:
Gold:   71         SH:  0    Dex: 14    Spells: 3/4 levels left

rFire   . . .        Y - +1 sling
rCold   . . .        (no shield)
rNeg    . . .        c - +0 robe
rPois   .            (helmet restricted)
rElec   .            h - +0 cloak
rCorr   .            (no gloves)
SInv    .            (no boots)
Will    .....        (no amulet)
Stlth   +            (no ring)
HPRegen 0.24/turn    (no ring)
MPRegen 0.08/turn

%: no passive effects
@: about to teleport
A: horns 2, retaliatory headbutt
a: no special abilities


You were on level 2 of the Dungeon.
You visited 1 branch of the dungeon, and saw 2 of its levels.

You collected 71 gold pieces.


Innate Abilities, Weirdness & Mutations

You have a pair of horns on your head.
You reflexively headbutt those who attack you in melee.


   Skills:
 - Level 2.0 Fighting
 + Level 4.3 Ranged Weapons
 - Level 2.1 Dodging
 - Level 1.0 Spellcasting
 - Level 2.0 Hexes


You had 3 spell levels left.
You knew the following spells:

 Your Spells              Type           Power      Damage    Failure   Level
a - Slow                  Hex            16%        N/A       16%         1

Your spell library contained the following spells:

 Spells                   Type           Power      Damage    Failure   Level
 Inner Flame              Hex/Fire       2%         N/A       56%         3
 Portal Projectile        Hex/Tloc       4%         N/A       56%         3
 Cause Fear               Hex            2%         N/A       83%         4

Inventory:

Hand Weapons
 Y - a +1 sling (weapon)
Armour
 c - a +0 robe (worn)
 h - a +0 cloak (worn)
Scrolls
 a - 2 scrolls of teleportation
 e - a scroll of identify {unknown}
 j - a scroll of revelation {unknown}
Potions
 b - a potion of berserk rage {unknown}
 d - 2 potions of degeneration {unknown}
 f - a potion of curing
 g - a potion of cancellation {unknown}
 i - a potion of brilliance {unknown}

Dungeon Overview and Level Annotations

Branches:
Dungeon (2/15)

Altars:
Elyvilon


Message History

Enter note:
Enter note:
Enter note:
Enter note:
Enter note:
Enter note: You shoot a sling bullet.
The sling bullet hits the black bear.
The black bear is moderately wounded.
You shoot a sling bullet.
The sling bullet closely misses the black bear.
You shoot a sling bullet.
The sling bullet hits the black bear but does no damage.
The black bear is lightly wounded.
You shoot a sling bullet.
The sling bullet closely misses the black bear.
The black bear completely misses you. You furiously retaliate!
You headbutt the black bear. The black bear closely misses you.
The black bear claws you but does no damage.
You shoot a sling bullet. The sling bullet hits the black bear.
The black bear is heavily wounded.
The black bear bites you. The black bear barely misses you.
The black bear claws you.
You shoot a sling bullet. The sling bullet hits the black bear.
The black bear is severely wounded.
The black bear bites you. The black bear barely misses you.
The black bear closely misses you.
You shoot a sling bullet. The sling bullet hits the black bear.
The black bear is severely wounded.
The black bear goes berserk!
The black bear bites you!
The black bear claws you but does no damage.
The black bear claws you.
1403 ||| READING 3 scrolls of teleportation.
As you read the scroll of teleportation, it crumbles to dust.
You feel strangely unstable. The black bear closely misses you.
The black bear claws you. The black bear closely misses you.
You shoot a sling bullet. The sling bullet hits the black bear.
The black bear is severely wounded.
The black bear barely misses you. The black bear claws you.
You die...

.......#####.....#####[._..##.#
# .......#......##.#
#......#..# ..........###.##.#
#.........# ...........##.##.#
#..#####.## ..............##.#
##. #.# ..<.##.....#####.# #.
#.# .######...## #.# #.### .#
##.## ##.## #...## ..# #.@h#
###... ## #........# ##..
#...###### ##. ##### #. ##


You could see a black bear (berserk).

Vanquished Creatures
  An adder (D:2)
  3 bats
  3 endoplasms (D:2)
  A giant cockroach (D:2)
  5 goblins
  5 hobgoblins
  6 jackals (D:2)
  2 quokkas (D:2)
  5 ball pythons
  A frilled lizard (D:2)
  3 kobolds
  3 rats (D:2)
38 creatures vanquished.

Notes
Turn   | Place    | Note
-------+----------+-------------------------------------------
     0 | D:1      | qw the Minotaur Hexslinger began the quest for the Orb.
     0 | D:1      | Reached XP level 1. HP: 16/16 MP: 1/1
     0 | D:1      | 0 ||| qw: Version: 0.3-a-52-g30416fa
     0 | D:1      | 0 ||| qw: Game counter: 5719
     0 | D:1      | 0 ||| qw: Melee chars always use a shield: true
     0 | D:1      | 0 ||| qw: God list: Okawaru
     0 | D:1      | 0 ||| qw: Allow faded altars: false
     0 | D:1      | 0 ||| qw: Do Orc after clearing Dungeon:15 true
     0 | D:1      | 0 ||| qw: Do second Lair branch before Depths: true
     0 | D:1      | 0 ||| qw: Lair rune preference: random
     0 | D:1      | 0 ||| qw: Goals: Normal
     0 | D:1      | 0 ||| PLANNING D:1-11
   367 | D:1      | Reached skill level 3 in Ranged Weapons
   367 | D:1      | Reached XP level 2. HP: 23/23 MP: 2/2
   811 | D:1      | 811 ||| UPGRADING to +0 cloak.
   816 | D:1      | 816 ||| READING 3 scrolls labelled KOILIO BULEDD.
   817 | D:1      | 817 ||| READING scroll labelled LEOBIE XINEITS.
   822 | D:1      | 822 ||| DRINKING 2 white potions.
   823 | D:1      | 823 ||| DROPPING 2 scrolls of immolation.
   824 | D:1      | 824 ||| DROPPING scroll of poison.
   933 | D:2      | Reached XP level 3. HP: 29/29 MP: 3/3
   967 | D:2      | Found a white marble altar of Elyvilon.
  1177 | D:2      | Reached skill level 4 in Ranged Weapons
  1395 | D:2      | Noticed a black bear
  1402 | D:2      | HP: 5/29 [black bear (3)]
  1403 | D:2      | 1403 ||| READING 3 scrolls of teleportation.
  1403 | D:2      | HP: 1/29 [black bear (5)]
  1404 | D:2      | Slain by a black bear

Levels and vault maps discovered:
D:1:      minmay_arrival_checkered_box, layout_basic
D:2:      layout_loops_ring, basic_altar, kennysheep_generic_room_4

Skill      XL: |  1  2  3 |
---------------+----------+-----
Ranged Weapons | 3 4 |  4.3
Fighting       | 2 |  2.0
Dodging        | |  2.1
Spellcasting   | |  1.0
Hexes          | |  2.0

Action                     || total
---------------------------++-------
   Fire: Sling             ||   110
    Use: Scroll            ||     3
         Potion            ||     1
 Armour: Robe              ||    11
  Dodge: Dodged            ||    39

Table legend:
 A = Non-vault XP
 B = Vault XP
 C = Vault XP percentage of total XP
 D = Non-vault monster count
 E = Vault monster count
 F = Vault count percentage of total count
                 A         B        C        D         E       F
            +---------+---------+-------+---------+---------+-------
      Total |      78 |       2 |   2.5 |      37 |       1 |   2.6
            +---------+---------+-------+---------+---------+-------
        D:1 |      22 |       0 |   0.0 |      12 |       0 |   0.0
        D:2 |      56 |       2 |   3.4 |      25 |       1 |   3.8
            +---------+---------+-------+---------+---------+-------
